 Dungeon Crawl Stone Soup version 0.26-a0-752-gcff87cac9a (webtiles) character file.

Game seed: 14186723346940585026

1035 Queen the Fighter (level 8, 0/74 HPs)
             Began as a Minotaur Monk on Nov 6, 2020.
             Slain by a lemure (1 damage)
             ... led by Pikel
             ... on level 5 of the Dungeon.
             The game lasted 00:07:26 (4755 turns).

Queen the Fighter (Minotaur Monk)                   Turns: 4755, Time: 00:07:27

Health: 0/74       AC: 17    Str: 18    XL:     8   Next: 3%
Magic:  7/7        EV:  7    Int:  7    God:
Gold:   342        SH:  0    Dex: 13    Spells: 7/7 levels left

rFire    . . .     SeeInvis .   a - +0 mace
rCold    . . .     Faith    .   (no shield)
rNeg     . . .     Spirit   .   e - +0 plate armour
rPois    .         Reflect  .   (helmet restricted)
rElec    .         Harm     .   q - +2 cloak
rCorr    .         Rampage  .   (no gloves)
MR       .....                  u - +0 pair of boots
Stlth    ..........             (no amulet)
HPRegen  0.22/turn              (no ring)
MPRegen  0.10/turn              (no ring)

@: studying Evocations
A: retaliatory headbutt, horns 2
a: no special abilities


You were on level 5 of the Dungeon.
You visited 1 branch of the dungeon, and saw 6 of its levels.

You collected 342 gold pieces.

Inventory:

Hand Weapons
 a - a +0 mace (weapon)
Armour
 e - a +0 plate armour (worn)
 q - a +2 cloak (worn)
 u - a +0 pair of boots (worn)
Jewellery
 v - a cursed -4 ring of evasion {unknown}
Scrolls
 b - 2 scrolls of amnesia {unknown}
 h - 4 scrolls of fear {unknown}
 k - a scroll of remove curse {unknown}
 l - a scroll of blinking {unknown}
 m - 2 scrolls of identify {unknown}
 n - 3 scrolls of immolation {unknown}
 o - 4 scrolls of teleportation {unknown}
Potions
 c - 2 potions of berserk rage {unknown}
 d - a potion of flight {unknown}
 f - a potion of lignification {unknown}
 g - 2 potions of attraction {unknown}
 i - a potion of degeneration {unknown}
 j - 2 potions of might {unknown}
 p - a potion of heal wounds {unknown}
 r - a potion of curing {unknown}
 s - 3 potions of magic {unknown}
Books
 t - a manual of Evocations


   Skills:
 * Level 8.2 Fighting
 - Level 3.6 Maces & Flails
 * Level 7.1 Armour
 - Level 4.0 Dodging
 - Level 2.0 Stealth
 + Level 3.0 Evocations


You had 7 spell levels left.
You didn't know any spells.
Your spell library contained the following spells:

 Spells                   Type           Power        Failure   Level
 Corona                   Hex            #......      100%        1
 Ensorcelled Hibernation  Hex/Ice        #.....       100%        2
 Confusing Touch          Hex            #.......     100%        3
 Dazzling Flash           Conj/Hex       #.....       100%        3
 Tukima's Dance           Hex            #.......     100%        3


Dungeon Overview and Level Annotations

Branches:
Dungeon (6/15)
 Temple: D:4-7

Altars:

Annotations:
D:6 Pikel


Innate Abilities, Weirdness & Mutations

You reflexively headbutt those who attack you in melee.
You have a pair of horns on your head.


Message History

The lemure completely misses you. The lemure hits you but does no damage.
The iguana barely misses you.
You closely miss the lemure. You headbutt the lemure.
The lemure is almost dead.
The lemure hits you but does no damage. x2; The iguana barely misses you.
The lemure hits you.
* * * LOW HITPOINT WARNING * * *
You hit the lemure.
You kill the lemure!
That felt strangely unrewarding.
The iguana bites you.
* * * LOW HITPOINT WARNING * * *
The lemure barely misses you. You furiously retaliate!
You headbutt the lemure. You hit the worker ant.
The worker ant is moderately wounded.
The iguana bites you but does no damage.
The lemure hits you.
* * * LOW HITPOINT WARNING * * *
The worker ant bites you but does no damage.
The iguana barely misses you. The lemure hits you.
You die...

#.#..#.# #....#.#
####.#.# ##########
#.#.# .........#
#.#.# .........#
#.#.# .........#
#...# .........#
###B5# ........)#
#.Jl@#
.........####'######
.........#.........#
.........'.........#
########.#.........#
# #.#.........#
########.#.........#
.........#.........#
.#########.........#


You could see a lemure, an iguana, a jelly and a worker ant.

Vanquished Creatures
  A water moccasin (D:5)
  A phantom (D:5)
  2 ice beasts
  An ogre (D:5)
  A centaur (D:5)
  3 lemures (D:5)
  A bullfrog zombie (D:4)
  2 hounds (D:5)
  3 orc priests
  2 orc wizards
  A hound skeleton (D:5)
  Robin (D:2)
  5 adders
  A gnoll (D:4)
  A white imp (D:5)
  An ooze (D:2)
  An adder skeleton (D:4)
  3 worms
  4 dart slugs
  3 leopard geckos
  26 orcs
  3 ball pythons (D:1)
  4 giant cockroaches
  19 goblins
  9 hobgoblins
  13 jackals
  3 quokkas (D:4)
  A ball python skeleton (D:4)
  7 bats
  7 frilled lizards
  8 kobolds
  10 rats
148 creatures vanquished.

Notes
Turn   | Place    | Note
-------+----------+-------------------------------------------
     0 | D:1      | Queen the Minotaur Monk began the quest for the Orb.
     0 | D:1      | Reached XP level 1. HP: 19/19 MP: 0/0
    18 | D:1      | Reached skill level 4 in Fighting
   135 | D:1      | Reached XP level 2. HP: 26/27 MP: 1/1
   372 | D:1      | Reached skill level 1 in Armour
   378 | D:1      | Reached XP level 3. HP: 32/34 MP: 2/2
  1021 | D:2      | Reached XP level 4. HP: 41/41 MP: 3/3
  1471 | D:3      | Noticed an ice beast
  1485 | D:2      | Reached skill level 5 in Fighting
  1495 | D:2      | Killed an ice beast
  1495 | D:2      | Reached XP level 5. HP: 29/50 MP: 4/4
  1932 | D:3      | Noticed Robin
  1949 | D:3      | HP: 2/50 [hobgoblin/+0 club[Robin] (1)]
  1950 | D:3      | Reached skill level 6 in Fighting
  2272 | D:2      | Reached XP level 6. HP: 51/57 MP: 5/5
  2276 | D:2      | Killed Robin
  2941 | D:4      | Reached skill level 5 in Armour
  3001 | D:4      | Noticed an ice beast
  3012 | D:4      | Killed an ice beast
  3066 | D:4      | Reached skill level 7 in Fighting
  3318 | D:4      | Reached XP level 7. HP: 65/66 MP: 6/6
  3671 | D:5      | Entered Level 5 of the Dungeon
  3703 | D:5      | Reached skill level 1 in Evocations
  4151 | D:5      | Reached skill level 8 in Fighting
  4450 | D:5      | Reached XP level 8. HP: 74/74 MP: 7/7
  4530 | D:6      | Noticed Pikel
  4754 | D:5      | HP: 1/74 [iguana (4)]
  4755 | D:5      | Slain by a lemure

Illustrated notes

Levels and vault maps discovered:
D:1:      evilmike_arrival_crescent, layout_rooms, st_stairs_13
D:2:      layout_loops_ring
D:3:      layout_rooms, uniq_robin
D:4:      layout_loops_ring, minmay_manual_moon
D:5:      layout_basic, grunt_ministairs_10
D:6:      layout_layer_cave, minmay_microvault, uniq_crazy_yiuf_cottage,
          uniq_pikel, uniq_maggie, uniq_sigmund, uniq_grinder

Skill      XL: |  1  2  3  4  5  6  7 |
---------------+----------------------+-----
Fighting       | 4 5 6 7 8 |  8.2
Armour         | 1 2 3 4 5 7 |  7.1
Stealth        | 2 |  2.0
Dodging        | 4 |  4.0
Evocations     | 3 |  3.0
Maces & Flails | |  3.6

Action                   |  1- 3 |  4- 6 |  7- 9 || total
-------------------------+-------+-------+-------++-------
Melee: Mace              |   108 |   204 |   151 ||   463
       Headbutt          |    15 |    34 |    29 ||    78
Armor: Plate armour      |    86 |   255 |   209 ||   550
       Robe              |     2 |       |       ||     2
Dodge: Dodged            |    42 |   118 |    97 ||   257

Table legend: (Time is in decaauts)
 A = Elapsed time spent in this place.
 B = Non-inter-level travel time spent in this place.
 C = Inter-level travel time spent in this place.
 D = Time resting spent in this place.
 E = Time spent auto-exploring this place.
 F = Levels seen in this place.
 G = Mean time per level.
                   A        B        C        D        E       F      G
               +--------+--------+--------+--------+--------+-----+--------+
         Total |   4864 |   4745 |    119 |    573 |   3220 |   6 |  810.7 |
       Dungeon |   4864 |   4745 |    119 |    573 |   3220 |   6 |  810.7 |
               +--------+--------+--------+--------+--------+-----+--------+

Top non-repeatable levels by time:
     D:2: 1365 daAuts
     D:5: 1107 daAuts
     D:4: 1006 daAuts
     D:3: 752 daAuts
     D:1: 626 daAuts
     D:6: 6 daAuts
